 Dungeon Crawl Stone Soup version 0.31-a0-236-g9a0961fb85 (webtiles) character file.

Game seed: 12062026620607094859

53 qw the Shooter (level 3, -2/29 HPs)
             Began as a Minotaur Hexslinger on July 10, 2023.
             Slain by Sigmund
             ... wielding a +0 scythe
              (6 damage)
             ... on level 3 of the Dungeon.
             The game lasted 00:00:37 (1507 turns).

qw the Shooter (Minotaur Hexslinger)                Turns: 1507, Time: 00:00:37

Health: -2/29      AC:  7    Str: 12    XL:     3   Next: 64%
Magic:  3/3        EV: 11    Int: 10    God:
Gold:   140        SH:  0    Dex: 14    Spells: 3/4 levels left

rFire   . . .        Y - +2 sling
rCold   + . .        (no shield)
rNeg    . . .        g - +0 ring mail
rPois   .            d - +2 hat
rElec   .            (no cloak)
rCorr   .            (no gloves)
SInv    .            (no boots)
Will    .....        (no amulet)
Stlth   +            j - ring of protection from cold
HPRegen 0.24/turn    (no ring)
MPRegen 0.08/turn

%: no passive effects
@: about to teleport
A: horns 2, retaliatory headbutt
a: no special abilities


You were on level 3 of the Dungeon.
You visited 1 branch of the dungeon, and saw 3 of its levels.

You collected 140 gold pieces.


Innate Abilities, Weirdness & Mutations

You have a pair of horns on your head.
You reflexively headbutt those who attack you in melee.


   Skills:
 - Level 2.0 Fighting
 - Level 4.1 Ranged Weapons
 + Level 0.8 Armour
 - Level 2.1 Dodging
 - Level 1.0 Spellcasting
 - Level 2.0 Hexes


You had 3 spell levels left.
You knew the following spells:

 Your Spells              Type           Power      Damage    Failure   Level
a - Slow                  Hex            16%        N/A       34%         1

Your spell library contained the following spells:

 Spells                   Type           Power      Damage    Failure   Level
 Inner Flame              Hex/Fire       2%         N/A       83%         3
 Portal Projectile        Hex/Tloc       4%         N/A       83%         3
 Cause Fear               Hex            2%         N/A       98%         4

Inventory:

Hand Weapons
 Y - a +2 sling (weapon)
Armour
 d - a +2 hat (worn)
 g - a +0 ring mail (worn)
Jewellery
 j - a ring of protection from cold (left hand)
Scrolls
 h - a scroll of identify
Potions
 a - a potion of cancellation
 b - a potion of heal wounds {unknown}
 f - a potion of attraction {unknown}
 i - a potion of lignification {unknown}
 k - a potion of might
 m - a potion of ambrosia {unknown}

Dungeon Overview and Level Annotations

Branches:
Dungeon (3/15)

Altars:

Shops:
D:1 [[*

Annotations:
D:3 Sigmund


Message History

The kobold throws a stone.
The stone closely misses you.
The kobold throws a stone.
The stone hits you but does no damage. Sigmund gestures at you while chanting.
You are more confused.
A bat comes into view.
The hobgoblin barely misses you. Sigmund closely misses you.
The kobold throws a stone.
The stone barely misses you. The hobgoblin barely misses you.
A kobold comes into view. It is wielding a +0 whip.
The bat hits you but does no damage. Sigmund misses you.
The hobgoblin barely misses you. The bat misses you.
The hobgoblin closely misses you.
Sigmund gestures wildly while chanting.
Sigmund flickers and vanishes!
Deactivating autopickup; reactivate with Ctrl-A.
The hobgoblin misses you. Something hits you.
The kobold hits you but does no damage.
A kobold comes into view. It is wielding a +0 dagger.
The hobgoblin hits you. The kobold completely misses you.
The kobold shouts!
Something hits you but does no damage. The hobgoblin barely misses you.
The kobold hits you but does no damage.
The hobgoblin hits you but does no damage.
The kobold barely misses you. Something hits you!
You feel less confused. The hobgoblin barely misses you.
The kobold closely misses you.
You shoot a sling bullet.
The sling bullet closely misses the hobgoblin.
The sling bullet closely misses the kobold.
Something hits you! The hobgoblin barely misses you. You furiously retaliate!
You headbutt the hobgoblin!
You kill the hobgoblin!
The kobold barely misses you.
1507 ||| READING scroll of teleportation.
As you read the scroll of teleportation, it crumbles to dust.
You feel strangely unstable. The bat closely misses you.
You furiously retaliate!
You headbutt the bat!
You kill the bat!
Something hits you.
You die...

.####...........#.##.####.#.#
.# ##########..#.##........#
.# #.......#.#..### .#
#####.##.####.#.####### ##
#........####..>.......
...#.....###.########
######.###.............
+........#####.#######.
#####.@....#.......#...
#K%#####.....#>#.## ..K{h
#...<...#.# .$....K.
##.#.####.# #..........
###.####.# .(..........
#......# .............
##.##### .............. #.#
#.#


You could see a jackal and 3 kobolds.

Vanquished Creatures
  An adder (D:2)
  A dart slug (D:1)
  3 ball pythons
  4 endoplasms
  A giant cockroach (D:1)
  7 goblins
  7 hobgoblins
  3 kobolds
  A quokka (D:1)
  6 bats
  A frilled lizard (D:1)
  3 rats
38 creatures vanquished.

Notes
Turn   | Place    | Note
-------+----------+-------------------------------------------
     0 | D:1      | qw the Minotaur Hexslinger began the quest for the Orb.
     0 | D:1      | Reached XP level 1. HP: 16/16 MP: 1/1
     0 | D:1      | 0 ||| qw: Version: 0.3-a-52-g30416fa
     0 | D:1      | 0 ||| qw: Game counter: 4713
     0 | D:1      | 0 ||| qw: Melee chars always use a shield: true
     0 | D:1      | 0 ||| qw: God list: Okawaru
     0 | D:1      | 0 ||| qw: Allow faded altars: false
     0 | D:1      | 0 ||| qw: Do Orc after clearing Dungeon:15 true
     0 | D:1      | 0 ||| qw: Do second Lair branch before Depths: true
     0 | D:1      | 0 ||| qw: Lair rune preference: random
     0 | D:1      | 0 ||| qw: Goals: Normal
     0 | D:1      | 0 ||| PLANNING D:1-11
    42 | D:1      | Found Egujaxt's Assorted Antiques.
    56 | D:1      | Found Ymoylin's Antique Armour Shop.
    58 | D:1      | Found Pogyfang's Armour Emporium.
    62 | D:1      | 62 ||| SHOPLISTING leather armour (54 gold, have 0).
    62 | D:1      | 62 ||| SHOPLISTING lumpy emerald potion (24 gold, have 0).
    62 | D:1      | 62 ||| SHOPLISTING scroll labelled BUARIA DY ROE (27 gold,
                  | have 0).
    62 | D:1      | 62 ||| SHOPLISTING scroll labelled GUCVEUSH RAERGH (27
                  | gold, have 0).
    62 | D:1      | 62 ||| SHOPLISTING shiny ring mail (189 gold, have 0).
    76 | D:1      | Reached skill level 3 in Ranged Weapons
    76 | D:1      | Reached XP level 2. HP: 13/23 MP: 2/2
   120 | D:1      | 120 ||| SHOPLISTING +0 leather armour (20 gold, have 0).
   120 | D:1      | 120 ||| SHOPLISTING +0 pair of boots (45 gold, have 0).
   120 | D:1      | 120 ||| SHOPLISTING +0 ring mail (40 gold, have 0).
   120 | D:1      | 120 ||| SHOPLISTING +2 robe of willpower (177 gold, have
                  | 0).
   125 | D:1      | 125 ||| SHOPLISTING embroidered robe (74 gold, have 0).
   125 | D:1      | 125 ||| SHOPLISTING leather armour (40 gold, have 0).
   125 | D:1      | 125 ||| SHOPLISTING pair of boots (90 gold, have 0).
   259 | D:1      | Found a faded altar of an unknown god.
   428 | D:1      | Reached XP level 3. HP: 29/29 MP: 3/3
   534 | D:1      | 534 ||| UPGRADING to +2 hat.
   539 | D:1      | 539 ||| UPGRADING to +0 ring mail.
   549 | D:1      | 549 ||| DROPPING +0 robe.
   550 | D:1      | 550 ||| READING scroll labelled ARCHAHIYTT.
   551 | D:1      | 551 ||| READING scroll labelled KEDUORGH NOGETZ.
   556 | D:1      | 556 ||| READING 2 scrolls labelled GUCVEUSH RAERGH.
   557 | D:1      | 557 ||| DROPPING scroll of poison.
   822 | D:2      | Reached skill level 4 in Ranged Weapons
  1320 | D:2      | 1320 ||| UPGRADING to ring of protection from cold.
  1321 | D:2      | 1321 ||| READING scroll labelled UCSACS LUOXE.
  1322 | D:2      | 1322 ||| READING scroll labelled JOKLUA TOUSTREO.
  1374 | D:2      | 1374 ||| DRINKING 2 emerald potions.
  1375 | D:2      | 1375 ||| READING 2 scrolls of identify.
  1375 | D:2      | 1375 ||| IDENTIFYING glowing white potion
  1491 | D:3      | Noticed Sigmund
  1506 | D:3      | HP: 4/29 [something (9)]
  1507 | D:3      | 1507 ||| READING scroll of teleportation.
  1507 | D:3      | Slain by Sigmund

Levels and vault maps discovered:
D:1:      lightli_arrival_windingriver, layout_rooms, serial_shops, shop,
          nicolae_shop_waterfront, shop,
          hellmonk_ecumenical_altar_leap_of_faith, st_stairs_11
D:2:      layout_basic, minmay_misc_feat_doors, minmay_misc_feat_rugged,
          serial_bayou_pond_c
D:3:      kennysheep_big_flooded_room, layout_basic, uniq_sigmund

Skill      XL: |  1  2  3 |
---------------+----------+-----
Ranged Weapons | 3 4 |  4.1
Fighting       | 2 |  2.0
Armour         | |  0.8
Dodging        | |  2.1
Spellcasting   | |  1.0
Hexes          | |  2.0

Action                     || total
---------------------------++-------
   Fire: Sling             ||   111
    Use: Scroll            ||     7
         Potion            ||     1
 Armour: Robe              ||     5
         Ring mail         ||    19
  Dodge: Dodged            ||    57

Table legend:
 A = Non-vault XP
 B = Vault XP
 C = Vault XP percentage of total XP
 D = Non-vault monster count
 E = Vault monster count
 F = Vault count percentage of total count
                 A         B        C        D         E       F
            +---------+---------+-------+---------+---------+-------
      Total |      72 |       7 |   8.9 |      34 |       4 |  10.5
            +---------+---------+-------+---------+---------+-------
        D:1 |      35 |       7 |  16.7 |      20 |       4 |  16.7
        D:2 |      28 |       0 |   0.0 |       9 |       0 |   0.0
        D:3 |       9 |       0 |   0.0 |       5 |       0 |   0.0
            +---------+---------+-------+---------+---------+-------
